Map: Lockdown LE

Players

UnderlineENT

  • Race: Zerg Zerg
  • League: Master
  • Spawn Location: 7:00

RipNHammer - Winner!

  • Race: Terran Terran
  • League: Master
  • Spawn Location: 1:00

VOD

Have the link to the VOD?

Description

Time

  • Played on: Sept. 6, 2026, 7:08 p.m.
  • Length: 15:38
Show
View Real Time Build Order
Export as new Build Order

UnderlineENT Zerg 

Build Orders: Hatch First 

Get SALT Encoding   

  8  0:00  Drone  
  9  0:10  Drone  
  10  0:16  Drone  
  11  0:27  Overlord  
  11  0:32  Drone  
  12  0:45  Drone x2  
  14  0:50  Drone  
  15  1:11  Hatchery  
  14  1:13  Drone  
  14  1:17  Drone  
  16  1:20  Drone  
  17  1:36  Spawning Pool  
  17  1:39  Extractor  
  16  1:40  Drone  
  16  1:43  Drone  
  17  1:50  Drone  
  18  2:00  Drone  
  19  2:09  Overlord  
  19  2:22  Queen  
  19  2:23  Queen  
  19  2:24  Zergling x2  
  19  2:27  Zergling x2  
  25  2:30  Drone  
  25  2:33  Drone  
  27  2:43  Metabolic Boost  
  27  2:44  Drone x2  
  29  2:52  Drone  
  30  3:04  Drone x2  
  31  3:08  Overlord  
  31  3:11  Overlord  
  31  3:26  Queen, Drone  
  31  3:27  Drone x2  
  36  3:30  Drone  
  37  3:34  Lair  
  37  3:36  Drone x3  
  37  3:37  Drone  
  41  3:44  Drone x2  
  43  3:53  Overlord  
  43  4:00  Extractor  
  43  4:01  Extractor  
  41  4:04  Zergling x4  
  41  4:05  Zergling x6  
  46  4:12  Drone  
  46  4:13  Drone x3  
  46  4:16  Extractor  
  50  4:17  Drone  
  50  4:24  Drone  
  50  4:30  Drone  
  51  4:34  Drone  
  49  4:54  Spire  
  48  5:01  Overlord x2  
  48  5:10  Overlord  
  48  5:20  Overlord  
  48  5:22  Zergling x10  
  48  5:23  Zergling x2  
  48  5:27  Hatchery  
  53  5:39  Hatchery  
  52  5:49  Overlord  
  52  6:04  Mutalisk x2  
  52  6:05  Mutalisk x5  
  52  6:11  Overlord  
  66  6:16  Evolution Chamber, Baneling Nest  
  66  6:17  Evolution Chamber  
  63  6:53  Overseer  
  63  6:58  Drone x4  
  63  7:00  Drone x2  
  63  7:01  Drone x8  
  69  7:02  Drone x2  
  69  7:04  Drone x3  
  70  7:12  Drone x5  
  70  7:13  Drone  
  72  7:27  Drone x5  
  73  7:33  Zergling x6  
  74  7:51  Overlord  
  74  7:52  Drone x6  
  74  7:53  Drone x7  
  87  8:12  Zerg Ground Armor Level 1  
  87  8:18  Roach Warren  
  86  8:24  Hydralisk Den  
  86  8:25  Zerg Missile Weapons Level 1  
  85  8:28  Extractor  
  85  8:29  Extractor  
  85  8:31  Drone x4  
  85  8:32  Drone x2  
  89  8:41  Drone x2  
  89  8:42  Drone x4  
  85  8:59  Evolution Chamber  
  77  9:07  Drone x3  
  77  9:08  Drone x4  
  75  9:19  Roach x4  
  75  9:20  Roach x6  
  95  9:25  Grooved Spines  
  95  9:26  Glial Reconstitution  
  95  9:42  Overlord x3  
  95  9:43  Overlord  
  95  9:44  Hatchery  
  94  9:50  Hydralisk  
  96  10:00  Overlord x2  
  96  10:01  Hydralisk x8  
  96  10:02  Hydralisk x7  
  96  10:04  Ravager x2  
  128  10:07  Overlord  
  128  10:08  Overlord  
  128  10:15  Muscular Augments  
  125  10:30  Hydralisk x6  
  125  10:31  Hydralisk x2  
  141  10:42  Ravager x5  
  142  10:43  Ravager x3  
  142  10:45  Roach x4  
  142  10:49  Zerg Missile Weapons Level 2  
  151  10:58  Drone x6  
  152  11:09  Drone x6  
  156  11:16  Roach x3  
  155  11:30  Roach x2  
  155  11:31  Roach x6  
  146  11:53  Roach x5  
  146  11:54  Roach x7  
  158  12:05  Roach  
  142  12:28  Mutalisk x3  
  142  12:29  Mutalisk x7  
  150  12:30  Mutalisk x2  
  146  12:55  Drone x8  
  146  12:56  Drone x3  
  157  13:11  Hatchery  
  156  13:18  Roach  
  156  13:19  Roach  
  154  13:27  Overlord x3  
  154  13:29  Roach x3  
  142  13:47  Roach  
  142  13:48  Roach x8  
  113  13:57  Roach  
  113  13:58  Roach x2  
  106  14:11  Roach x5  
  106  14:12  Roach x3  
  117  14:34  Hatchery  
  112  14:42  Roach, Extractor  
  113  14:48  Mutalisk x8  
  113  14:49  Mutalisk x3  
  135  14:58  Mutalisk  
Show
View Real Time Build Order
Export as new Build Order

RipNHammer Terran - Winner!

Build Orders: Reaper Expand, Hellion Banshee, Mech 

Get SALT Encoding   

  8  0:00  SCV  
  9  0:12  SCV  
  10  0:24  SCV  
  11  0:37  SCV  
  11  0:39  Supply Depot  
  12  0:49  SCV  
  13  0:52  Refinery  
  13  1:01  SCV  
  14  1:06  Barracks  
  14  1:13  SCV  
  15  1:25  SCV  
  16  1:37  SCV  
  17  1:53  Orbital Command  
  17  1:54  Reaper  
  18  2:09  Command Center  
  18  2:18  SCV  
  19  2:26  Factory  
  19  2:31  SCV  
  19  2:34  Barracks Reactor  
  20  2:38  Refinery  
  20  2:45  Supply Depot  
  20  2:47  SCV  
  21  3:07  SCV  
  22  3:18  Starport  
  22  3:21  Hellion x2  
  22  3:22  SCV  
  22  3:27  Orbital Command  
  27  3:34  SCV  
  27  3:38  Barracks Tech Lab  
  28  3:44  Hellion  
  28  3:46  SCV  
  28  3:47  Hellion  
  33  3:58  SCV  
  33  4:02  Viking  
  36  4:04  Supply Depot  
  36  4:09  SCV  
  37  4:12  Hellion, SCV  
  40  4:22  SCV  
  41  4:29  Supply Depot  
  41  4:30  SCV  
  42  4:45  Hellion x2  
  44  4:46  Banshee  
  44  4:47  SCV x2  
  44  4:48  Cloaking Field  
  49  4:55  Command Center  
  49  4:59  SCV  
  50  5:04  SCV  
  51  5:08  Supply Depot  
  51  5:15  Hellion x2  
  51  5:16  SCV x2  
  51  5:19  Refinery  
  57  5:26  Factory  
  57  5:28  SCV  
  57  5:30  SCV  
  57  5:34  Banshee  
  62  5:36  Supply Depot  
  62  5:40  SCV  
  62  5:42  Refinery, SCV  
  64  5:53  SCV  
  64  5:54  Factory  
  64  5:55  SCV  
  66  6:05  SCV, Hellion x2  
  71  6:12  Engineering Bay  
  71  6:14  Factory Tech Lab  
  71  6:22  SCV  
  71  6:24  SCV  
  71  6:25  Factory  
  73  6:35  Hellion x2  
  73  6:39  Cyclone  
  80  6:40  Factory Tech Lab  
  80  6:45  SCV  
  80  6:47  Missile Turret  
  78  6:49  Missile Turret  
  78  6:51  Missile Turret  
  72  6:54  Factory  
  68  7:07  Cyclone  
  68  7:08  Mag-Field Accelerator  
  71  7:09  SCV  
  71  7:11  Siege Tank  
  72  7:16  Factory Tech Lab  
  72  7:20  Infernal Pre-Igniter  
  69  7:23  SCV x2  
  69  7:24  Missile Turret  
  67  7:35  Cyclone  
  67  7:36  Hellion x2  
  67  7:37  SCV  
  75  7:39  Cyclone  
  75  7:41  Cyclone  
  77  7:53  Cyclone  
  77  7:54  Missile Turret  
  77  7:55  SCV  
  81  7:59  Hellion  
  81  8:02  Supply Depot  
  81  8:04  Hellion  
  85  8:12  Missile Turret  
  85  8:20  SCV  
  85  8:24  Cyclone x3  
  85  8:25  Supply Depot x2  
  85  8:26  Supply Depot  
  95  8:28  Missile Turret  
  95  8:33  Cyclone, Hellion x2  
  102  8:42  SCV  
  102  8:46  SCV  
  104  8:54  Hellion  
  104  8:56  Siege Tank, Cyclone  
  104  9:16  Cyclone, Siege Tank, Hellion  
  106  9:17  Hellion, SCV  
  106  9:18  SCV  
  106  9:22  Refinery  
  110  9:28  Cyclone  
  110  9:30  SCV x2, Armory  
  115  9:33  Armory, Orbital Command  
  115  9:34  Refinery  
  115  9:40  Supply Depot, Missile Turret  
  115  9:42  SCV x2, Cyclone  
  120  9:52  Hellion  
  122  9:54  SCV x2  
  122  9:57  Cyclone  
  127  10:03  Supply Depot  
  127  10:05  SCV  
  127  10:06  SCV x2  
  130  10:07  Cyclone  
  130  10:11  Supply Depot  
  133  10:15  Sensor Tower  
  133  10:17  SCV  
  134  10:26  Cyclone, Siege Tank, Hellion x2  
  138  10:38  Cyclone  
  138  10:40  Siege Tank, SCV  
  138  10:41  Terran Vehicle Weapons Level 1  
  145  10:43  SCV  
  145  10:47  Terran Vehicle And Ship Armor Level 1  
  145  10:48  Hellion  
  148  10:54  Hellion  
  150  11:01  Cyclone  
  151  11:06  Supply Depot  
  151  11:09  Siege Tank  
  154  11:15  Cyclone, Siege Tank  
  154  11:16  SCV  
  159  11:18  Command Center  
  159  11:20  Supply Depot  
  159  11:21  Starport Reactor, Supply Depot  
  159  11:25  Hellion  
  159  11:32  Hellion  
  149  11:33  Cyclone  
  152  11:41  Siege Tank  
  152  11:46  Hellion  
  147  11:47  Cyclone, Siege Tank  
  147  11:54  Hellion  
  133  12:03  SCV  
  133  12:04  SCV  
  133  12:05  Cyclone  
  133  12:08  Hellion  
  140  12:13  Siege Tank  
  140  12:15  Hellion  
  143  12:19  Cyclone x2  
  144  12:29  Hellion  
  144  12:37  Siege Tank  
  144  12:43  Command Center  
  145  12:45  Cyclone  
  145  12:49  Hellion  
  145  12:51  Siege Tank  
  153  12:57  Supply Depot  
  153  12:58  Cyclone  
  156  13:01  Hellion  
  158  13:07  Refinery  
  158  13:09  Siege Tank  
  158  13:12  Hellion  
  160  13:18  Cyclone  
  155  13:22  Hellion  
  155  13:23  Siege Tank  
  152  13:30  Cyclone  
  144  13:44  Cyclone  
  135  13:50  Siege Tank  
  129  13:58  Cyclone  
  124  14:11  Cyclone  
  124  14:12  Hellion  
  125  14:19  SCV  
  126  14:24  Cyclone  
  129  14:38  Cyclone  
  127  14:56  Refinery  
  127  14:58  Planetary Fortress  
  127  15:05  Cyclone  
  127  15:06  Hellion  
  132  15:12  Orbital Command  
Tags
 
Add a new tag
Caveats
  • Supply blocks, unpowered buildings, or Contaminate may cause inaccurate times.
  • Supply counts are checked every 10 seconds.